 Dungeon Sprint DCSS version 0.17-a0-1691-g18a3847 (webtiles) character file.

1345 Kidiri the Covert (level 8, -11/36 HPs)
             Began as a Spriggan Enchanter on Aug 20, 2015.
             Mangled by a kraken (47 damage)
             ... in the Dungeon (Sprint II: "The Violet Keep of Menkaure").
             The game lasted 00:04:13 (889 turns).

Kidiri the Covert (Spriggan Enchanter)               Turns: 889, Time: 00:04:13

Health: -11/36     AC:  3    Str:  4    XL:     8   Next: 36%
Magic:  16/23      EV: 29    Int: 21    God:
Gold:   178        SH:  0    Dex: 18    Spells: 5 memorised, 16 levels left

rFire  + . .     SeeInvis +     a - +1 dagger
rCold  . . .     Clarity  .     b - +1 robe
rNeg   . . .     SustAt   .     (shield restricted)
rPois  .         Gourm    .     (helmet restricted)
rElec  .         Spirit   .     (no cloak)
rCorr  .         Warding  .     (gloves unavailable)
rMut   .         NoTele   +     (boots unavailable)
MR     +....                    c - amulet "Gonloulat" {Faith +Inv rF+ Int+4 Stlth+}
Stlth  ++++++++..               (no ring)
                                (no ring)

@: very slightly contaminated, invisible, very quick, somewhat resistant to
hostile enchantments, extraordinarily stealthy
A: unfitting armour, see invisible, herbivore 3, speed 3, slow metabolism 2
a: Turn Visible


You were in the Dungeon.
You were not hungry.

You visited 1 branch You collected 972 gold pieces.
You spent 794 gold pieces at shops.

Inventory:

Hand weapons
 a - a +1 dagger (weapon)
Armour
 b - a +1 robe (worn)
Jewellery
 c - the amulet "Gonloulat" (around neck) {Faith +Inv rF+ Int+4 Stlth+}
   (You bought it in a shop in the Dungeon)

   [amulet of faith]

   It allows you to gain divine favour quickly.
   It affects your intelligence (+4).
   It protects you from fire.
   It lets you turn invisible.
   It makes you more stealthy.
Scrolls
 j - a scroll of blinking
Potions
 e - a potion of curing
 g - a potion of haste
 h - 2 potions of magic
Comestibles
 d - a bread ration


   Skills:
 + Level 6.9 Short Blades
 * Level 12.5 Dodging
 * Level 13.9 Stealth
 * Level 10.8 Spellcasting
 + Level 2.8 Conjurations
 + Level 8.3 Hexes
 + Level 3.2 Ice Magic
 + Level 0.0 Evocations


You had 16 spell levels left.
You knew the following spells:

 Your Spells              Type           Power        Failure   Level  Hunger
a - Corona                Hex            #####..      1%          1    None
b - Ensorcelled Hibernat  Hex/Ice        #####.       1%          2    None
c - Confuse               Hex            #####...     1%          3    None
d - Tukima's Dance        Hex            #####...     1%          3    None
e - Dazzling Spray        Conj/Hex       ####....     1%          3    None


Dungeon Overview and Level Annotations

Branches:
Dungeon (1/1)

Altars:

Shops:
D %=:[(:!}!?!=([=%

Annotations:
D exclusion: oklob plant, Kirke


Innate Abilities, Weirdness & Mutations

You are tiny and cannot use many weapons and most armour.
You have supernaturally acute eyesight.
You are a herbivore.
You cover ground extremely quickly.
You need consume almost no food.


Message History

Aim: a kraken (water, hasn't noticed you, chance to defeat MR: 28%)
The kraken easily resists.
A kobold demonologist, a yaktaur captain and Kirke come into view.
You hit the kraken but do no damage.
Kirke shouts!
The kraken barely misses you.
A spectral bat comes into view.
Casting: Ensorcelled Hibernation
Confirm with . or Enter, or press ? or * to list all spells.
Okay, then.
Casting: Ensorcelled Hibernation
Confirm with . or Enter, or press ? or * to list all spells.
Aiming: Ensorcelled Hibernation
Press: ? - help, Shift-Dir - straight line, f - kobold demonologist, p - kraken
Aim: a kobold demonologist, wielding a dagger and wearing a robe (hasn't noticed you, chance to defeat MR: 46%)
The kobold demonologist shouts!
The kobold demonologist resists with some effort.
The kraken completely misses you. The kraken bites you!!!
Ouch! That really hurt!
You die... +#### §§§§§≈§## §§≈;§§§## §§≈§;§§§# Z ### §§§§§; .cK≈## ;;;;

############≈≈#+++#+++##
###########≈≈≈..@......#
##.......∩#≈≈≈≈X##'##..#
##∩.....∩.#≈≈≈≈##.#.## ##
##.∩...∩.∩#≈≈≈≈#..#..# .#
##∩.∩.∩.∩.#≈≈####...#### .##
##.∩.∩.∩..#≈##.###'###.##..#
##..∩.∩...#≈#...##.###..#..#
##...⌠....+≈+.#.'.<.'.##+..#
##........#≈#.).##.###%.#....#


You could see a kraken, a yaktaur captain (wandering), a spectral bat, a kobold
demonologist and 3 electric eels.

Vanquished Creatures
  A siren (D)
  2 boulder beetles (D)
  A blink frog (D)
  4 necrophages (D)
  4 worker ants (D)
12 creatures vanquished.

Vanquished Creatures (others)
  16 tentacles (D)
16 creatures vanquished.

Grand Total: 28 creatures vanquished

Notes
Turn   | Place    | Note
--------------------------------------------------------------
     0 | D        | Kidiri the Spriggan Enchanter began the quest for the Orb.
     0 | D        | Reached XP level 1. HP: 9/9 MP: 5/5
     1 | D        | Noticed a necrophage
     1 | D        | Noticed a necrophage
     1 | D        | Noticed a necrophage
     1 | D        | Noticed a necrophage
    11 | D        | Killed a necrophage
    11 | D        | Reached skill level 6 in Dodging
    11 | D        | Reached skill level 8 in Stealth
    11 | D        | Reached skill level 5 in Spellcasting
    11 | D        | Reached skill level 5 in Hexes
    11 | D        | Reached XP level 2. HP: 8/13 MP: 5/9
    11 | D        | Reached XP level 3. HP: 10/16 MP: 6/11
    11 | D        | Reached XP level 4. HP: 12/21 MP: 6/12
    18 | D        | Killed a necrophage
    18 | D        | Reached skill level 9 in Stealth
    18 | D        | Reached XP level 5. HP: 10/23 MP: 6/15
    25 | D        | Killed a necrophage
    25 | D        | Reached skill level 10 in Stealth
    43 | D        | Killed a necrophage
    43 | D        | Reached skill level 5 in Short Blades
    43 | D        | Reached skill level 11 in Stealth
    43 | D        | Reached XP level 6. HP: 18/28 MP: 10/18
    58 | D        | Learned a level 2 spell: Ensorcelled Hibernation
    62 | D        | Learned a level 3 spell: Confuse
    66 | D        | Learned a level 3 spell: Tukima's Dance
    70 | D        | Learned a level 3 spell: Dazzling Spray
   155 | D        | Noticed a siren
   163 | D        | Noticed a worker ant
   163 | D        | Noticed a worker ant
   165 | D        | Noticed a worker ant
   165 | D        | Noticed a worker ant
   166 | D        | Killed a worker ant
   166 | D        | Reached skill level 10 in Dodging
   167 | D        | Killed a worker ant
   169 | D        | Killed a worker ant
   169 | D        | Reached skill level 1 in Ice Magic
   172 | D        | Killed a worker ant
   172 | D        | Reached skill level 1 in Conjurations
   184 | D        | Noticed a boulder beetle
   184 | D        | Noticed a boulder beetle
   192 | D        | Killed a siren
   192 | D        | Reached skill level 13 in Stealth
   192 | D        | Reached skill level 10 in Spellcasting
   192 | D        | Reached XP level 7. HP: 32/32 MP: 19/21
   231 | D        | Noticed a kraken
   241 | D        | Killed a boulder beetle
   358 | D        | Killed a boulder beetle
   358 | D        | Reached XP level 8. HP: 36/36 MP: 19/23
   371 | D        | Noticed an orange crystal statue
   379 | D        | Found Evurchin's Jewellery Emporium.
   381 | D        | Found Beockua's Magic Scroll Emporium.
   381 | D        | Found Nitu's Distillery.
   382 | D        | Found Ydduor's Gadget Shoppe.
   382 | D        | Found Vousui's Antique Armour Emporium.
   383 | D        | Noticed a blink frog
   385 | D        | Killed a blink frog
   397 | D        | Found Leiptiyt's Food Emporium.
   397 | D        | Found Qiaroesi's Distillery.
   398 | D        | Found Ymij's Distillery.
   398 | D        | Found Lufiol's Book Emporium.
   399 | D        | Found Jinnuhog's Antique Weapon Shoppe.
   400 | D        | Found Rafrerau's Jewellery Shoppe.
   419 | D        | Noticed an electric eel
   419 | D        | Noticed an electric eel
   420 | D        | Noticed an electric eel
   420 | D        | Noticed an electric eel
   420 | D        | Noticed an electric eel
   421 | D        | Noticed an electric eel
   421 | D        | Noticed an electric eel
   421 | D        | Noticed a kraken
   441 | D        | Noticed an unseen horror
   443 | D        | Found Asa Xesm's Antique Weapon Emporium.
   443 | D        | Found Mizecuz's Antique Armour Shoppe.
   443 | D        | Noticed an unseen horror
   443 | D        | Noticed an oklob plant
   444 | D        | Found Pimpi's Jewellery Shoppe.
   444 | D        | Found Leypnix's Book Shoppe.
   444 | D        | Found Henuonwo's Food Emporium.
   458 | D        | Noticed a redback
   465 | D        | Bought the amulet "Gonloulat" {Faith +Inv rF+ Int+4 Stlth+} for 794 gold pieces
   887 | D        | Noticed Kirke
   887 | D        | Noticed a yaktaur captain
   887 | D        | Noticed a kobold demonologist
   889 | D        | Mangled by a kraken

Vault maps used:
D:        the_violet_keep_of_menkaure

Action                   |  1- 3 |  4- 6 |  7- 9 || total
-------------------------+-------+-------+-------++-------
Melee: Dagger            |     8 |    36 |    13 ||    57
 Cast: Ensorcelled Hiber |       |       |    14 ||    14
       Dazzling Spray    |       |       |     6 ||     6
       Confuse           |       |       |     1 ||     1
       Corona            |       |       |     1 ||     1
 Abil: Evoke Invisibilit |       |       |     2 ||     2
  Use: Potion            |     1 |     1 |       ||     2
 Stab: Sleeping          |       |     5 |     4 ||     9
